General information
- name: BNet
- type: Ladder team game (AT/RT)
- host: Battle.net
- saver: DOGSANDHORSE.RU
map: Highperch
- players: 6
- length: 104:16
- speed: Fast
- version: 1.24 W3XP
- replay type:

» download(502 KB)
Players
team 1 (loser)
Capitan_Cogollo (
red | 37 APM | 3736 actions | 101:25)
2 Priestess of the Moon
1 Trueshot Aura
1 Scout
3 Keeper of the Grove
2 Entangling Roots
1 Thorns Aura
» actions
| Basic commands | 134 | |
| Build / train | 64 | |
| Enter build submenu | 18 | |
| Enter hero's abilities submenu | 5 | |
| Give item / drop item | 4 | |
| Remove unit from queue | 1 | |
| Right click | 1837 | |
| Select / deselect | 1554 | |
| Use ability | 118 | |
3736 total
» units
| Wisp | 18 | |
| Huntress | 2 | |
| Glaive Thrower | 6 | |
| Archer | 15 | |
| Hippogryph | 6 | |
| Druid of the Talon | 2 | |
49 total
» upgrades
| Improved Bows | 1 | |
| Hippogryph Taming | 1 | |
| Vorpal Blades | 1 | |
3 total
» buildings
| Altar of Elders | 1 | |
| Moon Well | 9 | |
| Ancient of War | 2 | |
| Hunter's Hall | 1 | |
| Tree of Ages | 1 | |
| Ancient of Wind | 2 | |
| Tree of Life | 2 | |
18 total
» build order
00:14 Altar of Elders
00:20 Moon Well
01:10 Ancient of War
01:35 Hunter's Hall
02:12 Moon Well
02:28 Ancient of War
04:46 Tree of Ages
05:00 Moon Well
05:55 Moon Well
09:21 Ancient of Wind
09:22 Ancient of Wind
09:26 Moon Well
11:26 Tree of Life
15:33 Moon Well
16:09 Moon Well
16:11 Moon Well
20:36 Tree of Life
59:24 Moon Well
» items
WoF]fix-dark70 (
blue | 25 APM | 2643 actions | 104:14)
3 Far Seer
2 Feral Spirit
1 Chain Lighting
» actions
| Assign group hotkey | 69 | |
| Basic commands | 15 | |
| Build / train | 97 | |
| Enter build submenu | 21 | |
| Enter hero's abilities submenu | 3 | |
| Give item / drop item | 4 | |
| Remove unit from queue | 2 | |
| Right click | 905 | |
| Select / deselect | 604 | |
| Select group hotkey | 842 | |
| Use ability | 81 | |
2643 total
» units
| Peon | 12 | |
| Grunt | 4 | |
| Troll Witch Doctor | 4 | |
| Shaman | 2 | |
| Demolisher | 13 | |
| Troll Batrider | 43 | |
78 total
» upgrades
| Witch Doctor Training | 2 | |
| Shaman Training | 2 | |
| Burning Oil | 1 | |
| Backpack | 1 | |
6 total
» buildings
| Altar of Storms | 1 | |
| Orc Burrow | 9 | |
| Barracks | 1 | |
| War Mill | 1 | |
| Stronghold | 1 | |
| Voodoo Lounge | 1 | |
| Fortress | 1 | |
| Spirit Lodge | 2 | |
| Beastiary | 1 | |
| Great Hall | 1 | |
19 total
» build order
00:06 Altar of Storms
00:26 Orc Burrow
00:41 Barracks
01:38 Orc Burrow
02:07 War Mill
03:23 Stronghold
05:15 Orc Burrow
05:20 Voodoo Lounge
05:59 Fortress
06:04 Spirit Lodge
06:32 Spirit Lodge
10:46 Beastiary
12:24 Orc Burrow
13:15 Orc Burrow
13:17 Orc Burrow
16:56 Orc Burrow
16:58 Orc Burrow
17:56 Orc Burrow
30:54 Great Hall
» items
| Scroll of Town Portal | 1 | |
| Rod of Necromancy | 1 | |
| Scroll of Healing | 1 | |
| Staff of Teleportation | 1 | |
| Tiny Great Hall | 1 | |
5 total
x)Q.FiX-SpAcCa. (
yellow | 34 APM | 3583 actions | 104:08)
4 Death Knight
2 Death Coil
2 Unholy Aura
3 Lich
2 Frost Nova
1 Frost Armor
2 Crypt Lord
1 Impale
1 Spiked Carapace
» actions
| Assign group hotkey | 65 | |
| Basic commands | 4 | |
| Build / train | 81 | |
| ESC pressed | 6 | |
| Enter build submenu | 40 | |
| Enter hero's abilities submenu | 9 | |
| Give item / drop item | 10 | |
| Remove unit from queue | 2 | |
| Right click | 1393 | |
| Select / deselect | 612 | |
| Select group hotkey | 1143 | |
| Use ability | 218 | |
3583 total
» units
| Acolyte | 14 | |
| Ghoul | 3 | |
| Crypt Fiend | 8 | |
| Frost Wyrm | 7 | |
| Meatwagon | 1 | |
33 total
» upgrades
| Web | 1 | |
| Creature Attack | 3 | |
| Creature Carapace | 3 | |
| Freezing Breath | 1 | |
| Burrow | 1 | |
9 total
» buildings
| Crypt | 3 | |
| Graveyard | 3 | |
| Ziggurat | 21 | |
| Altar of Darkness | 1 | |
| Tomb of Relics | 2 | |
| Halls of the Dead | 1 | |
| Black Citadel | 1 | |
| Sacrificial Pit | 1 | |
| Boneyard | 2 | |
| Necropolis | 1 | |
| Nerubian Tower | 1 | |
| Slaughterhouse | 2 | |
| Spirit Tower | 13 | |
52 total
» build order
00:15 Crypt
00:19 Graveyard
00:24 Graveyard
00:33 Ziggurat
00:49 Altar of Darkness
01:15 Ziggurat
01:55 Tomb of Relics
03:28 Halls of the Dead
04:22 Ziggurat
04:44 Ziggurat
06:09 Black Citadel
06:35 Sacrificial Pit
07:38 Ziggurat
07:48 Ziggurat
09:02 Boneyard
09:14 Boneyard
12:42 Ziggurat
17:38 Necropolis
19:35 Tomb of Relics
19:44 Ziggurat
21:15 Nerubian Tower
21:20 Ziggurat
31:29 Graveyard
32:58 Slaughterhouse
33:00 Slaughterhouse
40:13 Ziggurat
40:14 Ziggurat
40:15 Ziggurat
40:15 Spirit Tower
40:29 Ziggurat
40:30 Ziggurat
40:32 Ziggurat
40:34 Ziggurat
40:57 Spirit Tower
40:57 Spirit Tower
40:57 Spirit Tower
41:22 Spirit Tower
41:23 Spirit Tower
41:24 Spirit Tower
41:31 Spirit Tower
45:45 Ziggurat
45:47 Ziggurat
45:50 Ziggurat
45:55 Ziggurat
45:59 Ziggurat
46:25 Crypt
46:27 Crypt
46:52 Spirit Tower
46:54 Spirit Tower
46:54 Spirit Tower
46:55 Spirit Tower
46:56 Spirit Tower
» items
| Rod of Necromancy | 2 | |
| Scroll of Healing | 2 | |
| Potion of Lesser Invulnerability | 1 | |
| Dust of Appearance | 1 | |
| Potion of Mana | 1 | |
| Orb of Corruption | 2 | |
9 total
team 2 (winner)
DOGSANDHORSE.RU (
purple | 51 APM | 5359 actions | 104:16)
7 Blademaster
3 Wind Walk
3 Critical Strike
1 Bladestorm
» actions
| Assign group hotkey | 13 | |
| Basic commands | 44 | |
| Build / train | 89 | |
| Enter build submenu | 38 | |
| Enter hero's abilities submenu | 7 | |
| Give item / drop item | 12 | |
| Remove unit from queue | 1 | |
| Right click | 3706 | |
| Select / deselect | 537 | |
| Select group hotkey | 665 | |
| Use ability | 244 | |
5359 total
» units
| Peon | 10 | |
| Troll Batrider | 23 | |
| Wind Rider | 6 | |
39 total
» upgrades
| Ranged Weapons | 3 | |
| Liquid Fire | 1 | |
| Armor | 3 | |
| Envenomed Spears | 1 | |
8 total
» buildings
| Altar of Storms | 2 | |
| Orc Burrow | 10 | |
| War Mill | 1 | |
| Watch Tower | 16 | |
| Stronghold | 1 | |
| Voodoo Lounge | 2 | |
| Beastiary | 2 | |
| Fortress | 1 | |
35 total
» build order
00:08 Altar of Storms
00:10 Orc Burrow
00:22 War Mill
02:18 Watch Tower
02:27 Watch Tower
02:42 Stronghold
03:14 Watch Tower
03:24 Voodoo Lounge
03:59 Watch Tower
04:19 Voodoo Lounge
04:21 Orc Burrow
04:23 Orc Burrow
04:25 Orc Burrow
05:08 Beastiary
05:14 Beastiary
05:35 Watch Tower
05:37 Watch Tower
05:39 Watch Tower
05:54 Watch Tower
06:21 Watch Tower
07:17 Watch Tower
07:45 Watch Tower
08:28 Watch Tower
08:29 Fortress
08:59 Watch Tower
09:40 Watch Tower
10:06 Watch Tower
11:23 Watch Tower
27:25 Orc Burrow
27:26 Orc Burrow
29:13 Orc Burrow
29:14 Orc Burrow
29:16 Orc Burrow
34:36 Orc Burrow
35:45 Altar of Storms
» items
| Boots of Speed | 1 | |
| Staff of Teleportation | 4 | |
| Healing Salve | 2 | |
| Lesser Clarity Potion | 4 | |
| Orb of Lightning | 1 | |
| Scroll of Town Portal | 1 | |
| Potion of Lesser Invulnerability | 2 | |
| Mechanical Critter | 4 | |
19 total
GoogleLarsOhly (
pink | 61 APM | 6335 actions | 104:15)
5 Archmage
3 Blizzard
2 Brilliance Aura
3 Blood Mage
2 Flame Strike
1 Siphon Mana
4 Pit Lord
2 Rain of Fire
2 Cleaving Attack
» actions
| Assign group hotkey | 463 | |
| Basic commands | 43 | |
| Build / train | 162 | |
| Enter build submenu | 119 | |
| Enter hero's abilities submenu | 13 | |
| Give item / drop item | 2 | |
| Right click | 3091 | |
| Select / deselect | 686 | |
| Select group hotkey | 1403 | |
| Use ability | 352 | |
6335 total
» units
| Peasant | 23 | |
| Dragonhawk Rider | 19 | |
42 total
» upgrades
| Masonry | 3 | |
| Lumber Harvesting | 2 | |
| Magic Sentry | 1 | |
| Animal War Training | 1 | |
| Swords | 3 | |
| Armor | 3 | |
13 total
» buildings
| Altar of Kings | 1 | |
| Farm | 12 | |
| Lumber Mill | 2 | |
| Scout Tower | 101 | |
| Arcane Tower | 7 | |
| Guard Tower | 67 | |
| Keep | 3 | |
| Arcane Sanctum | 1 | |
| Castle | 1 | |
| Town Hall | 1 | |
| Gryphon Aviary | 2 | |
| Arcane Vault | 2 | |
| Barracks | 1 | |
| Blacksmith | 1 | |
202 total
» build order
00:08 Altar of Kings
00:13 Farm
00:21 Lumber Mill
01:03 Scout Tower
01:15 Scout Tower
01:24 Farm
01:36 Arcane Tower
01:37 Arcane Tower
01:38 Scout Tower
01:41 Arcane Tower
01:42 Arcane Tower
01:45 Scout Tower
02:05 Guard Tower
02:05 Guard Tower
02:10 Scout Tower
02:20 Guard Tower
02:25 Scout Tower
02:41 Guard Tower
02:41 Guard Tower
02:41 Guard Tower
02:44 Scout Tower
02:59 Guard Tower
03:01 Scout Tower
03:17 Guard Tower
03:53 Scout Tower
04:11 Guard Tower
04:12 Scout Tower
04:15 Keep
04:15 Keep
04:23 Guard Tower
04:26 Scout Tower
04:41 Guard Tower
04:43 Scout Tower
04:59 Guard Tower
05:01 Scout Tower
05:29 Scout Tower
05:30 Guard Tower
05:32 Guard Tower
05:33 Scout Tower
06:23 Scout Tower
06:29 Farm
06:39 Arcane Sanctum
06:40 Castle
07:03 Guard Tower
07:36 Scout Tower
07:49 Town Hall
08:00 Farm
08:09 Scout Tower
08:10 Guard Tower
08:10 Guard Tower
08:13 Scout Tower
08:14 Guard Tower
09:05 Guard Tower
09:05 Guard Tower
09:07 Scout Tower
09:10 Scout Tower
09:12 Scout Tower
09:13 Scout Tower
09:16 Scout Tower
09:17 Guard Tower
09:22 Scout Tower
09:23 Scout Tower
09:39 Guard Tower
09:54 Guard Tower
10:07 Guard Tower
10:21 Guard Tower
10:22 Scout Tower
11:11 Scout Tower
11:15 Scout Tower
11:18 Scout Tower
11:39 Scout Tower
11:40 Guard Tower
11:42 Scout Tower
11:44 Scout Tower
11:46 Guard Tower
11:48 Scout Tower
11:53 Gryphon Aviary
12:07 Scout Tower
12:07 Guard Tower
12:08 Guard Tower
12:13 Arcane Vault
12:30 Guard Tower
12:32 Arcane Vault
12:34 Scout Tower
12:35 Guard Tower
12:35 Guard Tower
13:02 Guard Tower
13:05 Scout Tower
13:06 Scout Tower
13:07 Scout Tower
13:07 Scout Tower
13:12 Scout Tower
13:12 Scout Tower
13:13 Scout Tower
13:13 Scout Tower
13:19 Barracks
13:21 Blacksmith
13:59 Guard Tower
14:11 Guard Tower
14:30 Scout Tower
14:33 Scout Tower
14:41 Scout Tower
14:59 Guard Tower
15:02 Guard Tower
15:02 Guard Tower
15:14 Farm
15:15 Farm
15:15 Farm
15:26 Guard Tower
15:27 Scout Tower
15:30 Guard Tower
17:39 Guard Tower
17:49 Guard Tower
17:53 Guard Tower
17:55 Scout Tower
18:42 Guard Tower
21:53 Scout Tower
22:33 Guard Tower
22:38 Scout Tower
22:40 Scout Tower
23:10 Arcane Tower
30:05 Gryphon Aviary
30:08 Farm
30:08 Farm
30:08 Farm
30:09 Farm
30:09 Farm
31:17 Scout Tower
31:20 Scout Tower
31:21 Scout Tower
31:24 Scout Tower
31:25 Scout Tower
31:28 Scout Tower
31:30 Scout Tower
31:32 Scout Tower
31:33 Scout Tower
31:35 Scout Tower
31:36 Scout Tower
32:53 Arcane Tower
32:55 Guard Tower
34:24 Guard Tower
34:31 Scout Tower
34:32 Scout Tower
34:58 Scout Tower
34:59 Scout Tower
35:03 Scout Tower
35:04 Scout Tower
35:11 Scout Tower
35:13 Scout Tower
35:19 Scout Tower
35:21 Scout Tower
35:23 Scout Tower
35:24 Scout Tower
35:26 Guard Tower
35:36 Guard Tower
35:41 Scout Tower
35:43 Scout Tower
35:43 Scout Tower
35:50 Guard Tower
35:55 Scout Tower
36:00 Arcane Tower
36:01 Guard Tower
36:09 Scout Tower
36:13 Scout Tower
36:14 Guard Tower
36:25 Guard Tower
36:37 Guard Tower
36:40 Scout Tower
36:41 Guard Tower
36:48 Scout Tower
36:51 Guard Tower
37:00 Scout Tower
37:02 Scout Tower
37:09 Scout Tower
37:16 Scout Tower
37:17 Scout Tower
37:19 Guard Tower
37:23 Scout Tower
37:25 Scout Tower
38:01 Guard Tower
38:33 Guard Tower
38:37 Scout Tower
38:45 Scout Tower
38:52 Scout Tower
39:00 Scout Tower
39:07 Scout Tower
39:30 Guard Tower
39:44 Guard Tower
48:11 Scout Tower
48:13 Scout Tower
48:16 Scout Tower
48:17 Scout Tower
48:18 Scout Tower
48:19 Scout Tower
49:19 Lumber Mill
50:24 Guard Tower
51:11 Guard Tower
» items
| Orb of Lightning | 5 | |
| Healing Salve | 1 | |
| Staff of Sanctuary | 3 | |
| Tiny Great Hall | 1 | |
10 total
NUTSONYOCHIN.de (
orange | 48 APM | 5022 actions | 104:15)
9 Warden
3 Shadow Strike
3 Blink
1 Spirit of Vengeance
2 Fan of Knives
» actions
| Assign group hotkey | 10 | |
| Basic commands | 112 | |
| Build / train | 84 | |
| ESC pressed | 9 | |
| Enter build submenu | 25 | |
| Enter hero's abilities submenu | 9 | |
| Give item / drop item | 10 | |
| Right click | 3292 | |
| Select / deselect | 373 | |
| Select group hotkey | 700 | |
| Use ability | 398 | |
5022 total
» units
| Wisp | 25 | |
| Druid of the Talon | 14 | |
| Chimaera | 6 | |
45 total
» upgrades
| Strength of the Wild | 4 | |
| Reinforced Hides | 3 | |
| Nature's Blessing | 1 | |
| Ultravision | 1 | |
| Well Spring | 1 | |
| Druid of the Talon Training | 2 | |
| Mark of the Talon | 1 | |
| Corrosive Breath | 1 | |
14 total
» buildings
| Altar of Elders | 1 | |
| Moon Well | 15 | |
| Tree of Life | 1 | |
| Ancient of Wonders | 1 | |
| Tree of Ages | 1 | |
| Hunter's Hall | 1 | |
| Tree of Eternity | 1 | |
| Ancient of Wind | 2 | |
| Chimaera Roost | 2 | |
25 total
» build order
00:06 Altar of Elders
00:20 Moon Well
01:27 Moon Well
01:34 Moon Well
02:44 Moon Well
03:03 Moon Well
03:39 Moon Well
03:57 Moon Well
04:41 Moon Well
04:46 Tree of Life
04:57 Moon Well
05:39 Moon Well
05:58 Ancient of Wonders
07:42 Tree of Ages
07:52 Hunter's Hall
09:03 Moon Well
09:04 Moon Well
09:12 Moon Well
10:05 Tree of Eternity
11:35 Moon Well
11:35 Moon Well
11:45 Ancient of Wind
11:46 Ancient of Wind
28:17 Chimaera Roost
28:43 Chimaera Roost
» items
| Boots of Speed | 1 | |
| Circlet of Nobility | 2 | |
| Staff of Teleportation | 1 | |
| Orb of Venom | 1 | |
| Tiny Great Hall | 1 | |
| Orb of Lightning | 1 | |
| Potion of Invisibility | 1 | |
| Potion of Lesser Invulnerability | 1 | |
| Scroll of Healing | 2 | |
| Scroll of Protection | 1 | |
12 total
Chat log
(01:57 / All) DOGSANDHORSE.RU: hi all
(02:00 / All) Capitan_Cogollo: hi man
(02:02 / All) Capitan_Cogollo: how ar eu?
(02:03 / All) x)Q.FiX-SpAcCa.: hi
(02:07 / All) DOGSANDHORSE.RU: great
(02:08 / All) DOGSANDHORSE.RU: from???
(02:12 / All) NUTSONYOCHIN.de: EU
(02:15 / All) Capitan_Cogollo: spain y?
(02:18 / All) Capitan_Cogollo: u?
(02:19 / All) GoogleLarsOhly: fucken fat cats in brussels
(02:20 / All) NUTSONYOCHIN.de: me rus
(02:20 / All) DOGSANDHORSE.RU: CANADA
(02:23 / All) x)Q.FiX-SpAcCa.: ita me
(02:27 / All) NUTSONYOCHIN.de: me spain
(02:29 / All) NUTSONYOCHIN.de: lisbon
(02:33 / All) DOGSANDHORSE.RU: ita me
(02:33 / All) DOGSANDHORSE.RU: mario
(02:39 / All) NUTSONYOCHIN.de: where spain you.
(02:42 / All) Capitan_Cogollo: lisbon is no spain xD
(02:43 / All) x)Q.FiX-SpAcCa.: giovanni
(02:48 / All) WoF]fix-dark70: SUCK MY BIG DICK
(02:53 / All) Capitan_Cogollo: LOOl
(02:55 / All) NUTSONYOCHIN.de: ME spain lisbon
(02:57 / All) NUTSONYOCHIN.de: you lier
(03:02 / All) x)Q.FiX-SpAcCa.: you like my big dick
(03:02 / All) Capitan_Cogollo: hahahha idiot xD
(03:52 / All) Capitan_Cogollo: mh
(04:01 / All) DOGSANDHORSE.RU: lol
(07:07 / All) x)Q.FiX-SpAcCa.: xD
(09:33 / All) DOGSANDHORSE.RU: you guys
(09:36 / All) DOGSANDHORSE.RU: welcome to this map
(09:48 / All) GoogleLarsOhly: they call it the high perch
(10:11 / All) WoF]fix-dark70: YOU FACE IS DICK
(10:15 / All) DOGSANDHORSE.RU: ouch
(11:13 / All) DOGSANDHORSE.RU: you miss that coil???
(11:21 / All) Capitan_Cogollo: u miss 350 gold?
(11:24 / All) DOGSANDHORSE.RU: 175
(11:29 / All) Capitan_Cogollo: lol
(11:31 / All) Capitan_Cogollo: no
(11:36 / All) DOGSANDHORSE.RU: i got it free, not buying a new one
(11:41 / All) DOGSANDHORSE.RU: i lose 175 theoretical sellgold
(14:29 / All) DOGSANDHORSE.RU: good play
(14:32 / All) Capitan_Cogollo: more air plz
(19:42 / All) DOGSANDHORSE.RU: goodplay blue
(19:44 / All) GoogleLarsOhly: blue
(19:50 / All) GoogleLarsOhly: you lose all unit
(19:53 / All) GoogleLarsOhly: is that how it should be?
(20:13 / All) DOGSANDHORSE.RU: red
(20:15 / All) DOGSANDHORSE.RU: your expo
(20:17 / All) DOGSANDHORSE.RU: quick
(20:29 / All) Capitan_Cogollo: i see pro
(20:34 / All) DOGSANDHORSE.RU: that's me
(20:37 / All) Capitan_Cogollo: lOl
(20:40 / All) Capitan_Cogollo: fuckin lammer
(20:48 / All) DOGSANDHORSE.RU: space jam
(22:36 / All) WoF]fix-dark70: g
(22:36 / All) WoF]fix-dark70: g
(22:36 / All) WoF]fix-dark70: g
(23:16 / All) Capitan_Cogollo: why n oend ?
(23:23 / All) Capitan_Cogollo: huamn take air and kill us
(23:29 / All) GoogleLarsOhly: do you need help
(23:39 / All) GoogleLarsOhly: i kill yo siege
(23:51 / All) Capitan_Cogollo: ma shari
(24:07 / All) GoogleLarsOhly: WHOOPS
(24:14 / All) GoogleLarsOhly: noob ud?
(24:14 / All) DOGSANDHORSE.RU: shameful
(24:18 / All) NUTSONYOCHIN.de: YOU GUYs stink
(24:41 / All) GoogleLarsOhly: NOPE
(24:44 / All) GoogleLarsOhly: did i mention
(24:45 / All) GoogleLarsOhly: In spain
(24:48 / All) GoogleLarsOhly: all men very feminine
(24:49 / All) GoogleLarsOhly: Not manly at all
(24:57 / All) DOGSANDHORSE.RU: you gel your hair???
(24:58 / All) Capitan_Cogollo: No cd?
(25:02 / All) GoogleLarsOhly: disrespect their mothers constantly
(25:05 / All) DOGSANDHORSE.RU: no cd patch 1.21
(25:05 / All) GoogleLarsOhly: steal their make up
(25:27 / All) GoogleLarsOhly: NOPE
(25:34 / All) GoogleLarsOhly: red
(25:36 / All) GoogleLarsOhly: your hero
(25:37 / All) GoogleLarsOhly: it die
(25:39 / All) GoogleLarsOhly: you noob
(25:41 / All) Capitan_Cogollo: xD
(25:42 / All) Capitan_Cogollo: loool
(25:44 / All) Capitan_Cogollo: no call me noob
(25:45 / All) Capitan_Cogollo: u plz
(26:00 / All) Capitan_Cogollo: Çunskilled men
(26:07 / All) GoogleLarsOhly: your dogmage die
(26:15 / All) GoogleLarsOhly: i think
(26:16 / All) GoogleLarsOhly: we win game
(26:19 / All) DOGSANDHORSE.RU: thanks for dmeo
(26:20 / All) DOGSANDHORSE.RU: demo
(26:23 / All) GoogleLarsOhly: because of superior tactics and brainigence
(26:24 / All) DOGSANDHORSE.RU: what a matter eurotrash
(26:25 / All) Capitan_Cogollo: u win since u decid tto lamer
(26:26 / All) DOGSANDHORSE.RU: can't kill a tower??
(27:24 / All) Capitan_Cogollo: end omg
(27:27 / All) DOGSANDHORSE.RU: no gold
(27:28 / All) DOGSANDHORSE.RU: im out
(27:29 / All) GoogleLarsOhly: wowie wow
(27:39 / All) GoogleLarsOhly: spain has highly inferior football team
(27:45 / All) GoogleLarsOhly: unable to beat the english sides
(27:49 / All) Capitan_Cogollo: xD
(27:50 / All) Capitan_Cogollo: Hahahah
(27:51 / All) Capitan_Cogollo: ok
(28:44 / All) Capitan_Cogollo: end or no?
(28:45 / All) GoogleLarsOhly: you
(28:56 / All) Capitan_Cogollo: just hack
(28:58 / All) Capitan_Cogollo: if u want
(29:03 / All) DOGSANDHORSE.RU: whats hack
(29:08 / All) GoogleLarsOhly: how hack
(29:14 / All) Capitan_Cogollo: drop
(29:16 / All) DOGSANDHORSE.RU: huh
(29:18 / All) DOGSANDHORSE.RU: what that
(29:28 / All) Capitan_Cogollo: why no hack
(29:33 / All) DOGSANDHORSE.RU: no hacks in canada
(29:37 / All) Capitan_Cogollo: LOol
(29:38 / All) DOGSANDHORSE.RU: an honorable country
(29:40 / All) DOGSANDHORSE.RU: unlike euro
(29:41 / All) GoogleLarsOhly: by degree
(29:46 / All) Capitan_Cogollo: u think this honorable?
(29:47 / All) GoogleLarsOhly: of king of cananda
(30:07 / All) Capitan_Cogollo: U THINK THIS IN HONORABLE?
(30:10 / All) DOGSANDHORSE.RU: yes
(30:13 / All) DOGSANDHORSE.RU: fair fight no hacks
(30:14 / All) Capitan_Cogollo: lol
(30:22 / All) Capitan_Cogollo: no hack but noob tactic
(30:27 / All) DOGSANDHORSE.RU: if it's noob
(30:29 / All) DOGSANDHORSE.RU: then beat it
(30:46 / All) Capitan_Cogollo: its noob because u can own whitout skill
(30:58 / All) DOGSANDHORSE.RU: what is "skill" to you
(31:02 / All) DOGSANDHORSE.RU: is it losing all armies to a tower
(31:07 / All) Capitan_Cogollo: ^no
(31:12 / All) DOGSANDHORSE.RU: if so you have much mega skill
(31:25 / All) Capitan_Cogollo: skill is be better thana player
(31:32 / All) Capitan_Cogollo: tower = no skill xD
(31:33 / All) DOGSANDHORSE.RU: well it looks like we be better than you
(31:39 / All) DOGSANDHORSE.RU: kill a tower???
(31:40 / All) Capitan_Cogollo: no
(31:41 / All) Capitan_Cogollo: why?
(31:58 / All) Capitan_Cogollo: now no win better players
(32:05 / All) Capitan_Cogollo: win the lammer tactic
(32:05 / All) DOGSANDHORSE.RU: we out of gold
(32:08 / All) DOGSANDHORSE.RU: can't fight
(32:09 / All) DOGSANDHORSE.RU: you win
(32:13 / All) Capitan_Cogollo: lol
(32:14 / All) Capitan_Cogollo: sure
(32:17 / All) Capitan_Cogollo: and your units?
(32:25 / All) DOGSANDHORSE.RU: spiders kill
(32:30 / All) Capitan_Cogollo: lol sure
(33:11 / All) GoogleLarsOhly: stop
(33:11 / All) GoogleLarsOhly: game
(33:15 / All) GoogleLarsOhly: purp afk
(33:16 / All) GoogleLarsOhly: sto
(33:17 / All) GoogleLarsOhly: wait
(33:18 / All) Capitan_Cogollo: end plz
(33:20 / All) NUTSONYOCHIN.de: stop it
(33:21 / All) NUTSONYOCHIN.de: stop
(33:21 / All) GoogleLarsOhly: purp afk no fair
(33:22 / All) NUTSONYOCHIN.de: now
(33:26 / All) DOGSANDHORSE.RU: BRB PIZZA
(33:27 / All) GoogleLarsOhly: ^Pause it
(33:28 / All) GoogleLarsOhly: by no attack
(33:34 / All) NUTSONYOCHIN.de: PLEAse
(33:36 / All) GoogleLarsOhly: no fair to attack when afk
(33:39 / All) NUTSONYOCHIN.de: my pizza hear :-)
(33:43 / All) DOGSANDHORSE.RU: please honor play
(33:51 / All) Capitan_Cogollo: no honor for lammers..
(33:57 / All) Capitan_Cogollo: no matter u win
(34:00 / All) DOGSANDHORSE.RU: please....
(34:06 / All) DOGSANDHORSE.RU: out of gold
(34:10 / All) DOGSANDHORSE.RU: let me sell items to make a armey
(34:13 / All) Capitan_Cogollo: shar eunits and kill us
(35:38 / All) Capitan_Cogollo: poors no armys
(36:39 / Allies) DOGSANDHORSE.RU: scotty_potty
(37:00 / All) DOGSANDHORSE.RU: stop stop stop u idiot
(37:23 / All) Capitan_Cogollo: use ur air!
(37:27 / All) GoogleLarsOhly: No fair
(37:30 / All) GoogleLarsOhly: U attack when pizza time
(37:31 / All) DOGSANDHORSE.RU: no air no fair
(37:32 / All) GoogleLarsOhly: lame
(37:40 / All) Capitan_Cogollo: no air?'
(37:42 / All) Capitan_Cogollo: xD
(37:44 / All) DOGSANDHORSE.RU: we show u honor even though you are dishonorable
(37:47 / All) Capitan_Cogollo: 30 vivs and haks
(37:53 / All) DOGSANDHORSE.RU: vivs and haks
(37:57 / All) DOGSANDHORSE.RU: elaborate
(39:34 / All) NUTSONYOCHIN.de: stop it wtf
(39:43 / All) DOGSANDHORSE.RU: captain
(39:46 / All) Capitan_Cogollo: come and kill us
(39:53 / All) DOGSANDHORSE.RU: captain cogollo
(39:57 / All) Capitan_Cogollo: what
(39:57 / All) DOGSANDHORSE.RU: lead your army better
(39:59 / All) DOGSANDHORSE.RU: it stinks
(40:02 / All) DOGSANDHORSE.RU: i can smell it from up here
(40:09 / All) GoogleLarsOhly: institute mandatory shower regimen
(40:13 / All) NUTSONYOCHIN.de: lucker fags
(40:15 / All) NUTSONYOCHIN.de: use hack siege.
(40:24 / All) NUTSONYOCHIN.de: u stinkxs
(40:30 / Allies) DOGSANDHORSE.RU: veeg siege
(41:03 / All) DOGSANDHORSE.RU: gg
(41:13 / All) GoogleLarsOhly: win because of lame you think it's fun
(41:20 / All) DOGSANDHORSE.RU: no skill siegers
(45:04 / All) Capitan_Cogollo: LLOOOOOOOOL
(45:05 / All) NUTSONYOCHIN.de: FUCKEr
(45:09 / All) GoogleLarsOhly: fuck you
(45:15 / All) GoogleLarsOhly: Martin Luther kicks your dog
(45:26 / All) DOGSANDHORSE.RU: and sticks him on a door of churh
(45:53 / All) NUTSONYOCHIN.de: Faggot Lordes
(46:00 / All) DOGSANDHORSE.RU: Do U Believe in god
(46:07 / All) NUTSONYOCHIN.de: do you believe in magic
(46:11 / All) DOGSANDHORSE.RU: in a young girl heart
(47:07 / All) NUTSONYOCHIN.de: u [pussy afraid attack NOBLE ORC
(47:13 / All) DOGSANDHORSE.RU: jug jug
(47:17 / All) NUTSONYOCHIN.de: www.nobleorc.ru
(47:24 / All) DOGSANDHORSE.RU: NO BLEORC
(47:27 / All) DOGSANDHORSE.RU: STOP BLEORC NOW
(47:31 / All) GoogleLarsOhly: prepare to meet our final line of defense ò_ó
(48:32 / All) GoogleLarsOhly: stay down
(48:33 / All) DOGSANDHORSE.RU: Welcome to (6)Highperch.w3x
(49:03 / All) x)Q.FiX-SpAcCa.: hi
(49:12 / All) GoogleLarsOhly: highperch is a catholic free zone
(49:16 / All) x)Q.FiX-SpAcCa.: LOLLLL
(49:20 / All) x)Q.FiX-SpAcCa.: NICE ARMY :)
(49:25 / All) DOGSANDHORSE.RU: airmy
(49:26 / All) x)Q.FiX-SpAcCa.: 100/100 orange ?
(49:36 / All) DOGSANDHORSE.RU: why /100
(49:42 / All) DOGSANDHORSE.RU: why not just say 100food
(49:43 / All) GoogleLarsOhly: where are the moon wells
(49:45 / All) GoogleLarsOhly: go find
(49:47 / All) DOGSANDHORSE.RU: everyone knows limit is 100
(50:40 / All) DOGSANDHORSE.RU: SHOOT
(50:45 / All) DOGSANDHORSE.RU: shoot harder
(50:48 / All) GoogleLarsOhly: anything but ol cactie
(50:56 / All) DOGSANDHORSE.RU: that cactus fat and short anyway
(50:58 / All) DOGSANDHORSE.RU: i don't care
(51:08 / All) GoogleLarsOhly: he has a hormone disorder...
(51:17 / All) DOGSANDHORSE.RU: please leave i need icon to play base fights
(52:36 / All) NUTSONYOCHIN.de: HEY I GOT 5000 GOLD WHAT DO I do
(52:43 / All) DOGSANDHORSE.RU: cocein
(52:57 / All) DOGSANDHORSE.RU: gl hf
(54:41 / All) DOGSANDHORSE.RU: we know some people on norfrend
(54:46 / All) Capitan_Cogollo: this is a hack
(54:47 / All) DOGSANDHORSE.RU: do you know keeper kot and keeper kep
(54:49 / All) DOGSANDHORSE.RU: oh
(54:52 / All) DOGSANDHORSE.RU: what is a hack
(55:12 / All) DOGSANDHORSE.RU: what you mean a hack
(55:30 / All) Capitan_Cogollo: HOW U BUILD UP
(55:34 / All) DOGSANDHORSE.RU: build key
(55:35 / All) DOGSANDHORSE.RU: tower
(55:35 / All) GoogleLarsOhly: dude
(55:39 / All) GoogleLarsOhly: Let me get you on a regimen
(55:45 / All) DOGSANDHORSE.RU: whey protein
(56:24 / All) x)Q.FiX-SpAcCa.: how you build there ?
(56:34 / All) DOGSANDHORSE.RU: da mountains with da fountains
(56:38 / All) GoogleLarsOhly: keep sending owl
(56:40 / All) NUTSONYOCHIN.de: u gotta suck dustin browders dick
(56:41 / All) GoogleLarsOhly: to find out
(56:42 / All) GoogleLarsOhly: the secret
(56:52 / All) GoogleLarsOhly: did you know that owls raid crows nests at night
(56:58 / All) GoogleLarsOhly: and as revenge crows gang up on owls during the day
(57:02 / All) DOGSANDHORSE.RU: Highperch's salient features possess a certain...je ne sais quoi. The "Mountains with the Fountains" are an attraction to
(57:04 / All) DOGSANDHORSE.RU: every player.
(57:06 / All) GoogleLarsOhly: metaphor for this game
(57:26 / All) Capitan_Cogollo: HOW PEON GO UP
(57:27 / All) Capitan_Cogollo: Xd
(57:32 / All) NUTSONYOCHIN.de: x fucken d
(57:36 / All) DOGSANDHORSE.RU: lot of training
(57:40 / All) GoogleLarsOhly: bootstraps
(57:45 / All) DOGSANDHORSE.RU: altitude acclimation
(57:52 / All) DOGSANDHORSE.RU: is tough to breathe up here
(57:54 / All) GoogleLarsOhly: motivational speaking
(58:06 / All) x)Q.FiX-SpAcCa.: paraculi inside
(58:12 / All) DOGSANDHORSE.RU: que
(58:20 / All) GoogleLarsOhly: Listen "hombre"
(58:22 / All) x)Q.FiX-SpAcCa.: vous saite francaise ?=
(58:22 / All) DOGSANDHORSE.RU: is tha tlike a worm in your guts
(58:27 / All) NUTSONYOCHIN.de: my chimera only have 1 head wat a freaj
(59:53 / Allies) NUTSONYOCHIN.de: Its neutrality or factuality may be compromised by weasel words. Tagged since March 2009.
(60:51 / All) DOGSANDHORSE.RU: owl you doin
(61:24 / All) x)Q.FiX-SpAcCa.: how is possibile to build there ? T_T
(61:28 / All) Capitan_Cogollo: xD
(61:35 / All) DOGSANDHORSE.RU: let me tell you, x)q.fix-spacca
(61:45 / All) DOGSANDHORSE.RU: you know the merc shop
(61:56 / All) DOGSANDHORSE.RU: you buy a razormane medicine man
(61:59 / All) DOGSANDHORSE.RU: the rest....i leave up to you
(62:18 / All) x)Q.FiX-SpAcCa.: ah okay
(62:20 / All) x)Q.FiX-SpAcCa.: thx ^^
(63:02 / All) x)Q.FiX-SpAcCa.: googgog mass tp 10 mana
(63:09 / All) DOGSANDHORSE.RU: googog
(63:18 / All) DOGSANDHORSE.RU: we don't have mass tp
(63:26 / All) NUTSONYOCHIN.de: L. acidophilus in the vagina may help to control the growth of the fungus Candida albicans
(63:33 / All) DOGSANDHORSE.RU: yeast
(63:34 / All) DOGSANDHORSE.RU: gross
(63:40 / All) DOGSANDHORSE.RU: you guys ever fuck a girl w/ a yeast infection
(63:45 / All) DOGSANDHORSE.RU: and theres white shit all over your dick
(63:53 / All) DOGSANDHORSE.RU: and sometimes like a white chunk of something falls out
(63:58 / All) DOGSANDHORSE.RU: i assume it's some kind of protobread
(64:00 / All) NUTSONYOCHIN.de: cottage cheese yum
(65:03 / All) GoogleLarsOhly: you really need to buy a razormaine, NY
(65:13 / All) x)Q.FiX-SpAcCa.: what is razormaine ?
(65:19 / All) x)Q.FiX-SpAcCa.: i'm noob
(65:22 / All) DOGSANDHORSE.RU: we know
(65:23 / All) x)Q.FiX-SpAcCa.: tell me plz
(65:23 / All) DOGSANDHORSE.RU: it ok
(65:30 / All) DOGSANDHORSE.RU: i take you into my arms
(65:33 / All) DOGSANDHORSE.RU: hush little noob ita ok
(65:39 / All) DOGSANDHORSE.RU: you have a tear on your cheek
(65:42 / All) DOGSANDHORSE.RU: i kiss it off
(65:46 / All) DOGSANDHORSE.RU: you whimper once, twice
(65:55 / All) DOGSANDHORSE.RU: i put my hadn on your butt inside your sweatpants
(66:03 / All) DOGSANDHORSE.RU: your whimper turns into a smile
(66:07 / All) DOGSANDHORSE.RU: "you gay son?"
(66:09 / All) DOGSANDHORSE.RU: "yes dad"
(66:19 / All) x)Q.FiX-SpAcCa.: hey man plz suck my dick okay nice this ?
(66:30 / All) WoF]fix-dark70: HAI CAPITO GIANNI?
(66:36 / All) GoogleLarsOhly: nice "this"? damn near killed her!
(66:49 / All) x)Q.FiX-SpAcCa.: you like pizza ?
(67:01 / All) DOGSANDHORSE.RU: yeah
(67:02 / All) x)Q.FiX-SpAcCa.: and you like my big dick
(67:05 / All) DOGSANDHORSE.RU: yeah
(67:12 / All) DOGSANDHORSE.RU: you really are my son
(67:13 / All) x)Q.FiX-SpAcCa.: i love big gabs
(67:15 / All) GoogleLarsOhly: he like his pizza with big sausage
(67:29 / All) x)Q.FiX-SpAcCa.: pizza mafia mandolino
(67:29 / All) DOGSANDHORSE.RU: the pizza box opens of its own accord "sproing"
(67:56 / All) GoogleLarsOhly: did that ghoul really have to die?
(68:40 / All) x)Q.FiX-SpAcCa.: corri FORRESTTTTTTTTTTTTTTt
(68:45 / All) GoogleLarsOhly: Listen facca
(68:50 / All) GoogleLarsOhly: you seem like a thinking man
(68:56 / Allies) GoogleLarsOhly: Let me ask you
(69:00 / All) GoogleLarsOhly: You suffer. But why?
(69:03 / All) x)Q.FiX-SpAcCa.: how old are you ?
(69:12 / All) GoogleLarsOhly: someone lose a bat
(69:28 / All) DOGSANDHORSE.RU: bat dies
(69:31 / All) DOGSANDHORSE.RU: reagan cries
(71:42 / All) x)Q.FiX-SpAcCa.: cu
(71:45 / All) DOGSANDHORSE.RU: bye
(71:56 / All) DOGSANDHORSE.RU: i need this win please quit
(72:08 / All) DOGSANDHORSE.RU: if you want win though it costs $3 US
(72:12 / All) DOGSANDHORSE.RU: http://highper.ch/win
(72:30 / All) x)Q.FiX-SpAcCa.: www.speedypizza.tk.org
(74:07 / All) DOGSANDHORSE.RU: eschappe
(74:46 / All) GoogleLarsOhly: we freely move up and down the mountain
(74:48 / All) GoogleLarsOhly: you do not
(75:22 / All) GoogleLarsOhly: you selling?
(75:27 / All) DOGSANDHORSE.RU: why you sell
(75:28 / All) GoogleLarsOhly: how much you think
(75:31 / All) DOGSANDHORSE.RU: this a buyer's market
(75:32 / All) GoogleLarsOhly: If the game let me
(75:39 / All) NUTSONYOCHIN.de:
(75:42 / All) GoogleLarsOhly: I could pawn this Pit Lord double spear for
(75:45 / All) x)Q.FiX-SpAcCa.: go maphack ? T_T
(75:48 / All) GoogleLarsOhly: is really nice
(79:34 / All) NUTSONYOCHIN.de: Kees Moeliker observed sexual activities outside his office between a live duck and a dead one.
(81:01 / All) GoogleLarsOhly: morg
(81:04 / All) DOGSANDHORSE.RU: almost
(81:05 / All) GoogleLarsOhly: MORG!!!
(81:05 / All) WoF]fix-dark70: FUCK
(81:06 / All) DOGSANDHORSE.RU: you almost did
(81:10 / All) DOGSANDHORSE.RU: instead you die
(81:18 / All) WoF]fix-dark70: ME NO STUPID
(81:18 / All) NUTSONYOCHIN.de: Some black swans of Australia form sexually active male-male mated pairs and steal nests,
(81:27 / All) NUTSONYOCHIN.de: or form temporary threesomes with females to obtain eggs, driving away the female after she lays the eggs.
(83:57 / All) NUTSONYOCHIN.de: Penis fencing is a mating behaviour engaged in by certain species of flatworm,
(87:32 / All) x)Q.FiX-SpAcCa.: we cant because you are in a mountains
(87:36 / All) DOGSANDHORSE.RU: true
(87:46 / All) GoogleLarsOhly: can't penis fenec?
(87:47 / All) x)Q.FiX-SpAcCa.: but you can
(87:54 / All) DOGSANDHORSE.RU: send wyrm up
(87:56 / All) DOGSANDHORSE.RU: send bat up
(88:05 / All) DOGSANDHORSE.RU: surely those can climb mountain
(88:05 / All) GoogleLarsOhly: engage negotiations
(88:13 / All) DOGSANDHORSE.RU: you guys wnat to win??
(88:25 / All) GoogleLarsOhly: pew pew... p-pewpew
(88:27 / All) x)Q.FiX-SpAcCa.: yes we need this win
(88:31 / All) DOGSANDHORSE.RU: http://highper.ch/win
(88:33 / All) DOGSANDHORSE.RU: go here
(88:52 / All) GoogleLarsOhly: you maybe think it is a joke URL but it is not
(89:00 / All) DOGSANDHORSE.RU: all real
(89:01 / All) GoogleLarsOhly: we take these things very seriously
(90:56 / All) NUTSONYOCHIN.de: WHERE you are bats
(91:20 / All) DOGSANDHORSE.RU: sucre
(91:34 / All) GoogleLarsOhly: batilicious
(92:41 / All) NUTSONYOCHIN.de: how long u stay in a game
(93:24 / All) GoogleLarsOhly: Oghma we reject your dogma
(93:50 / All) DOGSANDHORSE.RU: speaking of dogmage
(93:52 / All) DOGSANDHORSE.RU: where is he
(94:00 / All) NUTSONYOCHIN.de: how long does a nigger noob stay in a game
(94:03 / All) GoogleLarsOhly: his name was Morg
(97:15 / All) NUTSONYOCHIN.de: follow me
(97:28 / All) DOGSANDHORSE.RU: What kind of music do you all listen to
(97:29 / All) GoogleLarsOhly: why do you still have a grunt
(98:28 / All) NUTSONYOCHIN.de: level 1 coil??
(98:35 / All) x)Q.FiX-SpAcCa.: yes
(98:39 / All) DOGSANDHORSE.RU: level 10 spoil
(98:42 / All) NUTSONYOCHIN.de: RETARDONOOB
(98:51 / All) x)Q.FiX-SpAcCa.: ...
(98:57 / All) DOGSANDHORSE.RU: please
(99:00 / All) DOGSANDHORSE.RU: play with honor
(100:15 / All) DOGSANDHORSE.RU: red
(100:17 / All) DOGSANDHORSE.RU: raging?
(100:29 / All) GoogleLarsOhly: how upset are you at the loss of your keeper 1 |-----------------------| 10
(100:37 / All) NUTSONYOCHIN.de: 8====D
(101:04 / All) DOGSANDHORSE.RU: good hit
(101:06 / All) DOGSANDHORSE.RU: your last hit
(104:11 / All) DOGSANDHORSE.RU: bye